 Dungeon Crawl Stone Soup version 0.24.1-5-g77f818bfca (webtiles) character file.

Game seed: 12150453731627193626, levelgen mode: deterministic

4363 bobbles the Chopper (level 10, 0/76 HPs)
             Began as a Demonspawn Fighter on Apr 19, 2020.
             Was a High Priest of Cheibriados.
             Slain by an orc warrior
             ... wielding a +0 glaive
              (6 damage)
             ... on level 10 of the Dungeon on Apr 25, 2020.
             The game lasted 01:18:58 (7148 turns).

bobbles the Chopper (Demonspawn Fighter)            Turns: 7148, Time: 01:18:59

Health: 0/76       AC:  7    Str: 31    XL:     10   Next: 12%
Magic:  13/13      EV:  8    Int: 21    God:    Cheibriados [*****.]
Gold:   555        SH: 19    Dex: 23    Spells: 9/13 levels left

rFire    + . .     SeeInvis .   a - +1 war axe
rCold    + . .     Gourm    .   c - +1 shield
rNeg     . . .     Faith    .   k - +0 ring mail
rPois    .         Spirit   .   (no helmet)
rElec    .         Reflect  .   (no cloak)
rCorr    +         Harm     .   (no gloves)
MR       .....                  r - +0 pair of boots
Stlth    ++........             t - amulet of the acrobat
HPRegen  0.22/turn              j - ring of resist corrosion
MPRegen  0.13/turn              x - ring of wizardry

@: slowed, very slow
A: claws 1, large bone plates 2, camouflage 1, cold resistance 1, fire
resistance 1, freezing cloud immunity, subdued magic 1, MP-powered wands
a: Bend Time, Temporal Distortion, Slouch, Step From Time, Renounce Religion


You were on level 10 of the Dungeon.
You worshipped Cheibriados.
Cheibriados was extremely pleased with you.
You were not hungry.

You visited 1 branch of the dungeon, and saw 10 of its levels.

You collected 555 gold pieces.

Inventory:

Hand Weapons
 a - a +1 war axe (weapon)
Missiles
 g - 220 stones
 h - 16 boomerangs (quivered)
 m - 3 javelins
Armour
 b - a +0 scale mail
 c - a +1 shield (worn)
 k - a +0 ring mail (worn)
 r - a +0 pair of boots (worn)
Jewellery
 j - a ring of resist corrosion (left claw)
 t - an amulet of the acrobat (around neck)
 x - a ring of wizardry (right claw)
Wands
 y - a wand of digging (7)
 A - a wand of paralysis (4)
 C - a wand of polymorph (8)
Scrolls
 d - 3 scrolls of immolation
 e - 4 scrolls of teleportation
 i - 7 scrolls of identify
 l - 2 scrolls of amnesia
 n - 7 scrolls of remove curse
 p - 2 scrolls of magic mapping
 q - 3 scrolls of enchant armour
 s - 5 scrolls of fear
 u - a scroll of fog
Potions
 o - 2 potions of curing
 v - a potion of haste
 w - 2 potions of heal wounds
 B - a potion of magic {unknown}
 D - a potion of flight
Comestibles
 f - 24 rations
 z - 3 chunks of flesh


   Skills:
 + Level 6.2 Fighting
 * Level 7.4 Axes
 + Level 4.2 Throwing
 + Level 5.7 Armour
 + Level 5.6 Shields
 - Level 2.4 Spellcasting
 + Level 0.5 Charms
 - Level 3.3 Necromancy
 + Level 3.4 Invocations
 + Level 3.2 Evocations


You had 9 spell levels left.
You knew the following spells:

 Your Spells              Type           Power        Failure   Level  Hunger
a - Animate Skeleton      Necr           N/A          6%          1    None
b - Regeneration          Chrm/Necr      #.........   30%         3    ###....

Your spell library contained the following spells:

 Spells                   Type           Power        Failure   Level  Hunger
 Pain                     Necr           ##..         6%          1    None
 Vampiric Draining        Necr           ##........   17%         3    ###....
 Beastly Appendage        Tmut           #.....       22%         1    None
 Magic Dart               Conj           #...         22%         1    None
 Blink                    Tloc           N/A          32%         2    ##.....
 Call Imp                 Summ           #.......     32%         2    ##.....
 Slow                     Hex            #.......     32%         2    ##.....
 Sticks to Snakes         Tmut           #.......     32%         2    ##.....
 Animate Dead             Necr           N/A          50%         4    ####...
 Conjure Flame            Conj/Fire      #.......     54%         3    ###....
 Mephitic Cloud           Conj/Pois/Air  #.......     54%         3    ###....
 Spider Form              Tmut/Pois      #.........   54%         3    ###....
 Ice Form                 Ice/Tmut       #.......     90%         4    ####...
 Blade Hands              Tmut           #.........   99%         5    ######.
 Bolt of Magma            Conj/Fire/Erth #.........   99%         5    ######.
 Iskenderun's Battlesphe  Conj/Chrm      #.......     99%         5    ######.
 Venom Bolt               Conj/Pois      #.........   99%         5    ######.
 Iron Shot                Conj/Erth      #.........   100%        6    #######
 Orb of Destruction       Conj           #.........   100%        7    #######
 Spellforged Servitor     Conj/Summ      #.........   100%        7    #######


Dungeon Overview and Level Annotations

Branches:
Dungeon (10/15)            Temple (0/1) D:4
   Lair: D:8-11         Orc: D:9-12

Altars:
Ashenzari
Cheibriados
Dithmenos
Gozag
Hepliaklqana
Okawaru
Ru
Sif Muna
Trog
Uskayaw
Xom
Zin

Shops:
D:6 =


Innate Abilities, Weirdness & Mutations

You have sharp fingernails.
You are mostly covered in large bone plates. (SH +6)
Your flesh is cold resistant. (rC+)
You are immune to freezing clouds.
Your skin changes colour to match your surroundings (Stealth+).
Your flesh is heat resistant. (rF+)
Your spells are a little easier to cast, but a little less powerful.
You expend magic power (3 MP) to strengthen your wands.


Message History

The orc priest is severely wounded.
You slash something!
You hit the orc warrior but do no damage.
You hit the two-headed ogre. You block the orc warrior's attack.
The two-headed ogre hits you with a +0 giant club!
The two-headed ogre hits you with a +0 giant club!!
* * * LOW HITPOINT WARNING * * *
The orc priest hits you with a +1 mace of protection.
* * * LOW HITPOINT WARNING * * *
Something hits you but does no damage.
Unknown command.
You are too injured to fight recklessly!
You are too injured to fight recklessly!
You are too injured to fight recklessly!
You hit the orc priest.
The orc priest is severely wounded.
You hit the two-headed ogre. You hit the orc warrior.
You closely miss something. You barely miss the orc.
The orc warrior hits you with a +0 glaive.
You die...

#####################..#
.......................#
...............%........
##.....o................
#>...†o)[............#
#...O)o.†............#
#.............Oo.....#
#............oo@.....#
#.............o......#
.............?..........
.......>..........).....
########################


You could see a two-headed ogre, an orc warrior, an orc priest and 2 orcs.

Vanquished Creatures
  Duvessa (D:7)
  3 orc warriors
  2 sky beasts
  2 black bears (D:8)
  3 phantoms
  3 centaurs
  6 ogres
  A crocodile (D:9)
  2 big kobolds (D:9)
  2 bullfrogs
  A gnoll sergeant (D:9)
  Dowan (D:7)
  4 scorpions
  10 killer bees (D:8)
  5 wights (D:9)
  2 crimson imps
  2 quasits
  A bullfrog zombie (D:7)
  3 hounds
  A jelly (D:7)
  A centaur skeleton (D:5)
  5 orc priests
  2 iguanas
  Terence (D:3)
  12 orc wizards
  3 worker ants
  Ijyb (D:3)
  A hound zombie (D:7)
  2 hound skeletons
  A mummy (D:8)
  A worker ant zombie (D:5)
  5 gnolls (D:9)
  5 adders
  An ooze (D:7)
  2 adder skeletons
  3 worms (D:2)
  A dart slug (D:2)
  6 leopard geckos
  38 orcs
  5 bats
  10 giant cockroaches
  8 goblins
  7 hobgoblins
  12 jackals
  15 kobolds
  A quokka (D:9)
  4 ball pythons
  6 frilled lizards
  A leopard gecko zombie (D:5)
  3 quokka skeletons
  15 rats
233 creatures vanquished.

Vanquished Creatures (collateral kills)
  A worker ant (D:10)
1 creature vanquished.

Grand Total: 234 creatures vanquished

Notes
Turn   | Place    | Note
-------+----------+-------------------------------------------
     0 | D:1      | bobbles the Demonspawn Fighter began the quest for the Orb.
     0 | D:1      | Reached XP level 1. HP: 18/18 MP: 1/1
   258 | D:1      | Reached skill level 2 in Axes
   296 | D:1      | Gained mutation: You have sharp fingernails. [demonic
                  | ancestry]
   296 | D:1      | Reached XP level 2. HP: 23/24 MP: 2/2
  1077 | D:2      | Reached XP level 3. HP: 29/29 MP: 3/3
  1671 | D:2      | Found a shimmering altar of Xom.
  1854 | D:2      | Gained mutation: You are partially covered in large bone
                  | plates. (SH +4) [demonic ancestry]
  1854 | D:2      | Reached XP level 4. HP: 25/35 MP: 4/4
  2177 | D:3      | Found an opulent altar of Gozag.
  2178 | D:3      | Found a glowing silver altar of Zin.
  2243 | D:3      | Noticed Terence
  2265 | D:3      | Killed Terence
  2265 | D:3      | Reached skill level 3 in Axes
  2265 | D:3      | Reached skill level 1 in Throwing
  2756 | D:3      | Noticed Ijyb
  2762 | D:3      | Paralysed by Ijyb for 2 turns
  2766 | D:3      | Paralysed by Ijyb for 7 turns
  2775 | D:3      | Killed Ijyb
  2775 | D:3      | Reached XP level 5. HP: 38/41 MP: 5/5
  3123 | D:4      | Noticed an ogre
  3130 | D:4      | Killed an ogre
  3139 | D:4      | Found a shattered altar of Ashenzari.
  3215 | D:4      | Found a staircase to the Ecumenical Temple.
  3330 | D:4      | Found a shimmering blue altar of Sif Muna.
  3586 | D:5      | Entered Level 5 of the Dungeon
  3648 | D:5      | Reached XP level 6. HP: 40/48 MP: 6/6
  3738 | D:5      | Reached skill level 4 in Axes
  3800 | D:5      | Reached XP level 7. HP: 18/54 MP: 7/7
  3959 | D:5      | Found a snail-covered altar of Cheibriados.
  4002 | D:5      | Became a worshipper of Cheibriados the Contemplative
  4264 | D:5      | Reached skill level 5 in Axes
  4365 | D:5      | Gained mutation: Your spells are a little harder to cast,
                  | but a little more powerful. [potion of mutation]
  4365 | D:5      | Gained mutation: You are weak. (Str -2) [potion of
                  | mutation]
  4365 | D:5      | Gained mutation: Your skin changes colour to match your
                  | surroundings (Stealth+). [potion of mutation]
  4365 | D:5      | Gained mutation: You are robust. (+10% HP) [potion of
                  | mutation]
  4549 | D:6      | Found Bomnaq's Jewellery Shop.
  4672 | D:6      | Reached * piety under Cheibriados
  4744 | D:6      | Reached skill level 1 in Invocations
  4791 | D:6      | Gained mutation: You are mostly covered in large bone
                  | plates. (SH +6) [demonic ancestry]
  4791 | D:6      | Reached XP level 8. HP: 63/67 MP: 8/8
  4988 | D:6      | Reached skill level 5 in Fighting
  5235 | D:7      | Found a hide-covered altar of Uskayaw.
  5301 | D:7      | Learned a level 1 spell: Animate Skeleton
  5330 | D:7      | Reached ** piety under Cheibriados
  5363 | D:7      | Reached skill level 6 in Axes
  5387 | D:7      | Reached skill level 5 in Armour
  5387 | D:7      | Reached skill level 1 in Necromancy
  5387 | D:7      | Reached skill level 1 in Evocations
  5438 | D:7      | Noticed Dowan
  5483 | D:7      | Reached skill level 1 in Spellcasting
  5676 | D:7      | Noticed Duvessa
  5680 | D:7      | Killed Dowan
  5680 | D:7      | Reached skill level 5 in Shields
  5683 | D:7      | Killed Duvessa
  5683 | D:7      | Gained mutation: Your flesh is cold resistant. (rC+)
                  | [demonic ancestry]
  5683 | D:7      | Reached XP level 9. HP: 39/74 MP: 10/10
  5689 | D:7      | Lost mutation: Your spells are a little harder to cast, but
                  | a little more powerful. [potion of mutation]
  5689 | D:7      | Lost mutation: You are weak. (Str -2) [potion of mutation]
  5689 | D:7      | Lost mutation: You are robust. (+10% HP) [potion of
                  | mutation]
  5689 | D:7      | Gained mutation: Your spells are a little easier to cast,
                  | but a little less powerful. [potion of mutation]
  5689 | D:7      | Gained mutation: You tend to lose your temper in combat.
                  | [potion of mutation]
  5689 | D:7      | Gained mutation: You are agile. (Dex +2) [potion of
                  | mutation]
  5778 | D:8      | Found a sacrificial altar of Ru.
  5873 | D:8      | Found a hazy altar of Hepliaklqana.
  5976 | D:8      | Reached *** piety under Cheibriados
  6175 | D:8      | Lost mutation: You are agile. (Dex +2) [potion of mutation]
  6175 | D:8      | Lost mutation: Your spells are a little easier to cast, but
                  | a little less powerful. [potion of mutation]
  6175 | D:8      | Lost mutation: You tend to lose your temper in combat.
                  | [potion of mutation]
  6175 | D:8      | Gained mutation: You expend magic power (3 MP) to
                  | strengthen your wands. [potion of mutation]
  6175 | D:8      | Gained mutation: Your spells are a little easier to cast,
                  | but a little less powerful. [potion of mutation]
  6175 | D:8      | Gained mutation: Your flesh is heat resistant. (rF+)
                  | [potion of mutation]
  6209 | D:8      | Found a bloodstained altar of Trog.
  6419 | D:8      | Found a snail-covered altar of Cheibriados.
  6511 | D:9      | Reached skill level 7 in Axes
  6540 | D:9      | Reached **** piety under Cheibriados
  6706 | D:9      | Found an iron altar of Okawaru.
  6755 | D:9      | Found a shadowy altar of Dithmenos.
  6950 | D:9      | Upgraded the game from 0.24.1-4-ge52af88ad5 to
                  | 0.24.1-5-g77f818bfca
  6956 | D:10     | Entered Level 10 of the Dungeon
  6978 | D:9      | Gained mutation: You are immune to freezing clouds.
                  | [demonic ancestry]
  6978 | D:9      | Reached XP level 10. HP: 70/76 MP: 13/13
  6983 | D:9      | Learned a level 3 spell: Regeneration
  7124 | D:10     | Reached ***** piety under Cheibriados
  7136 | D:10     | Noticed a two-headed ogre
  7148 | D:10     | Slain by an orc warrior

Levels and vault maps discovered:
D:1:      saegor_arrival_simple_c, layout_basic, serial_forest,
          infiniplex_forest_diagonal, infiniplex_forest_clump_curved,
          infiniplex_forest_clump_diagonal, infiniplex_forest_straight_5,
          infiniplex_forest_lined_1, infiniplex_forest_clump_small,
          infiniplex_forest_lined_4_way, infiniplex_forest_pool,
          infiniplex_forest_lined_corner, minmay_misc_feat_ornament,
          minmay_misc_feat_nine_boxes, minmay_pentomino_r4
D:2:      layout_loops_ring, old_standard_altar
D:3:      minmay_wonky_spiral, layout_loops_cross,
          grunt_temple_overflow_gold_and_silver, first_ration, minivault_14,
          uniq_terence, uniq_ijyb
D:4:      layout_loops_ring, led_sif_book, ashenzari_altar_1, temple_statues
D:5:      minmay_angry_zag, layout_basic, portal_sewer_entry_a, basic_altar,
          item_on_display_a
D:6:      layout_loops_ring, serial_shops,
          nicolae_shop_temple_entry_statues_fountains, minmay_circle_x
D:7:      layout_rooms, lemuel_crystal_altar, uniq_duvessa
D:8:      layout_rooms, trog_ov_bears_minmay, overflow_temple_1_default,
          slow_altar_2, basic_altar, grunt_ogre_cave,
          chequers_serial_rivers_marsh
D:9:      layout_rooms, elyvilon_altar_4, marbit_many_paths,
          overflow_temple_1_default, kennysheep_orc_monster_closet_entryway,
          serial_curves, eino_curves_04, eino_curves_01, basic_altar
D:10:     layout_long_grid

Skill      XL: |  1  2  3  4  5  6  7  8  9 |
---------------+----------------------------+-----
Axes           | 2 3 4 5 6 7 |  7.4
Armour         | 3 4 5 |  5.7
Shields        | 3 4 5 |  5.6
Throwing       | 1 2 3 4 |  4.2
Fighting       | 4 5 6 |  6.2
Invocations    | 1 2 3 |  3.4
Necromancy     | 1 3 |  3.3
Evocations     | 1 3 |  3.2
Spellcasting   | 1 2 |  2.4
Charms         | |  0.5

Action                   |  1- 3 |  4- 6 |  7- 9 | 10-12 || total
-------------------------+-------+-------+-------+-------++-------
Melee: War axe           |   151 |   150 |   396 |    19 ||   716
Throw: Stone             |     3 |       |     5 |       ||     8
       Javelin           |    14 |    34 |     7 |       ||    55
       Boomerang         |       |       |    81 |    26 ||   107
 Cast: Animate Skeleton  |       |       |     5 |     1 ||     6
Evoke: Wand              |       |       |    21 |       ||    21
  Use: Potion            |     1 |     7 |     6 |       ||    14
       Scroll            |       |     5 |     8 |     1 ||    14
 Stab: Invisible         |       |       |     2 |       ||     2
       Sleeping          |       |       |     3 |       ||     3
  Eat: Chunk             |     3 |     7 |     8 |       ||    18
Armor: Scale mail        |    35 |       |       |       ||    35
       Ring mail         |    38 |    39 |   108 |     6 ||   191
Dodge: Dodged            |    53 |    34 |   110 |     2 ||   199
Block: Shield            |    79 |   108 |   429 |    23 ||   639
